 Dungeon Crawl Stone Soup version 0.30.1-4-g462c640d31 (webtiles) character file.

Game seed: 15333813061170485867

33 rvierbuc the Covered (level 3, -5/28 HPs)
             Began as a Gnoll Wanderer on Aug 21, 2023.
             Slain by a cerulean imp
             ... wielding a +3 spear
             ... summoned by Natasha
              (7 damage)
             ... on level 2 of the Dungeon.
             The game lasted 00:04:40 (907 turns).

rvierbuc the Covered (Gnoll Wanderer)                Turns: 907, Time: 00:04:42

Health: -5/28      AC:  9    Str: 13    XL:     3   Next: 29%
Magic:  7/7        EV:  9    Int:  7    God:
Gold:   118        SH:  0    Dex: 15    Spells: 6/7 levels left

rFire   . . .        j - +0 dagger (speed)
rCold   . . .        (no shield)
rNeg    . . .        b - +0 scale mail
rPois   .            (no helmet)
rElec   .            (no cloak)
rCorr   .            h - +0 pair of gloves
SInv    .            (no boots)
Will    .....        (no amulet)
Stlth   +            (no ring)
HPRegen 0.24/turn    (no ring)
MPRegen 0.10/turn

%: no passive effects
@: slowed, very slow
A: fangs 1, strong nose, distributed training
a: no special abilities


You were on level 2 of the Dungeon.
You visited 1 branch of the dungeon, and saw 2 of its levels.

You collected 118 gold pieces.

Inventory:

Hand Weapons
 a - a +0 dagger
 j - a +0 dagger of speed (weapon)
Missiles
 m - 3 boomerangs
Armour
 b - a +0 scale mail (worn)
 h - a +0 pair of gloves (worn)
Scrolls
 e - a scroll of poison {unknown}
 f - a scroll of summoning {unknown}
 g - a scroll of enchant armour {unknown}
 i - 2 scrolls of magic mapping {unknown}
 l - a scroll of enchant weapon {unknown}
Potions
 c - 3 potions of heal wounds
 k - a potion of ambrosia {unknown}
 n - a potion of might {unknown}
 o - a potion of curing {unknown}
Miscellaneous
 d - a lightning rod (4/4)


   Skills:
 + Level 2.6 Fighting
 + Level 0.8 Short Blades
 + Level 0.8 Long Blades
 + Level 0.8 Axes
 + Level 0.8 Maces & Flails
 + Level 0.8 Polearms
 + Level 0.8 Staves
 + Level 0.8 Ranged Weapons
 + Level 0.8 Throwing
 + Level 6.5 Armour
 + Level 0.8 Dodging
 + Level 2.4 Stealth
 + Level 0.8 Shields
 + Level 0.8 Unarmed Combat
 + Level 2.8 Spellcasting
 + Level 0.5 Conjurations
 + Level 0.5 Hexes
 + Level 0.5 Summonings
 + Level 0.5 Necromancy
 + Level 0.5 Translocations
 + Level 0.5 Transmutations
 + Level 0.5 Fire Magic
 + Level 2.1 Ice Magic
 + Level 0.5 Air Magic
 + Level 0.5 Earth Magic
 + Level 0.5 Poison Magic
 + Level 2.6 Invocations
 + Level 4.5 Evocations


You had 6 spell levels left.
You knew the following spells:

 Your Spells              Type           Power      Damage    Failure   Level
a - Freeze                Ice            16%        1d4       50%         1

Your spell library contained the following spells:

 Spells                   Type           Power      Damage    Failure   Level
 Ozocubu's Armour         Ice            4%         N/A       86%         3


Dungeon Overview and Level Annotations

Branches:
Dungeon (2/15)

Altars:

Annotations:
D:2 Natasha


Innate Abilities, Weirdness & Mutations

You have very sharp teeth.
Your uncanny sense of smell can sniff out nearby items.
Your experience applies equally to all skills.


Message History

You feel yourself slow down.
You closely miss Natasha. Your bite misses Natasha.
Natasha is heavily wounded.
The cerulean imp hits you but does no damage.
Natasha claws you.
You hit Natasha.
Natasha is heavily wounded.
The cerulean imp hits you from afar with a +3 spear.
Natasha claws you but does no damage.
You hit Natasha.
Natasha is severely wounded.
The cerulean imp hits you from afar with a +3 spear.
Natasha claws you.
* * * LOW HITPOINT WARNING * * *
You hit Natasha.
Natasha is severely wounded.
The cerulean imp hits you but does no damage.
Natasha claws you but does no damage.
You hit Natasha but do no damage. Your bite misses Natasha.
Natasha is severely wounded.
The cerulean imp hits you but does no damage.
Natasha casts a spell at you. The magic dart hits you.
* * * LOW HITPOINT WARNING * * *
You completely miss Natasha. You bite Natasha, but do no damage.
Natasha is severely wounded.
The cerulean imp hits you from afar with a +3 spear.
* * * LOW HITPOINT WARNING * * *
You barely miss Natasha.
Natasha is severely wounded.
Natasha closely misses you.
The cerulean imp hits you from afar with a +3 spear.
* * * LOW HITPOINT WARNING * * *
You barely miss Natasha.
Natasha is severely wounded.
Natasha casts a spell at you. The magic dart hits you.
* * * LOW HITPOINT WARNING * * *
The cerulean imp hits you from afar with a +3 spear!
You die...

#<. ..) #.. #.. #.#
##.#### ####+#.#
......###
#......##+####........
#......#.....#........
#......#..............
#...5h@#........# #+##
####+#.'........# #.#†
###.....##.####.#.
########........
...........#..#
#.########.#... #.##..
#.#... #.#.#.


You could see Natasha and a cerulean imp (summoned).

Vanquished Creatures
  A dart slug (D:1)
  2 bats
  An endoplasm (D:1)
  3 giant cockroaches (D:1)
  5 goblins
  2 hobgoblins (D:1)
  A quokka (D:1)
  5 ball pythons
  A frilled lizard (D:1)
  5 kobolds (D:1)
  3 rats (D:1)
29 creatures vanquished.

Notes
Turn   | Place    | Note
-------+----------+-------------------------------------------
     0 | D:1      | rvierbuc the Gnoll Wanderer began the quest for the Orb.
     0 | D:1      | rvierbuc set off with the following items: a +0 dagger, a
                  | +0 scale mail, a potion of heal wounds, a lightning rod
                  | (4/4); and the following spell memorised: Freeze; and the
                  | following spells available to memorise: Ozocubu's Armour.
     0 | D:1      | Reached XP level 1. HP: 17/17 MP: 4/4
    99 | D:1      | Reached XP level 2. HP: 14/23 MP: 5/5
   447 | D:1      | Reached XP level 3. HP: 28/28 MP: 7/7
   887 | D:2      | Noticed Natasha
   907 | D:2      | Slain by a cerulean imp

Illustrated notes

Levels and vault maps discovered:
D:1:      saegor_arrival_miasma, layout_rooms, serial_bayou,
          serial_bayou_lagoon_a, serial_bayou_crossing, serial_bayou_shore_b,
          serial_bayou_pond_d
D:2:      layout_basic, uniq_natasha, uniq_sigmund, uniq_jessica

Skill      XL: |  1 |
---------------+----+-----
Ice Magic      | 2 |  2.1
Fighting       | |  2.6
Short Blades   | |  0.8
Long Blades    | |  0.8
Axes           | |  0.8
Maces & Flails | |  0.8
Polearms       | |  0.8
Staves         | |  0.8
Ranged Weapons | |  0.8
Throwing       | |  0.8
Armour         | |  6.5
Dodging        | |  0.8
Stealth        | |  2.4
Shields        | |  0.8
Unarmed Combat | |  0.8
Spellcasting   | |  2.8
Conjurations   | |  0.5
Hexes          | |  0.5
Summonings     | |  0.5
Necromancy     | |  0.5
Translocations | |  0.5
Transmutations | |  0.5
Fire Magic     | |  0.5
Air Magic      | |  0.5
Earth Magic    | |  0.5
Poison Magic   | |  0.5
Invocations    | |  2.6
Evocations     | |  4.5

Action                     || total
---------------------------++-------
  Melee: Dagger            ||   154
         Bite              ||    12
         Punch             ||     1
 Armour: Scale mail        ||    97
  Dodge: Dodged            ||    55
